 Dungeon Crawl Stone Soup version 0.29-a0-275-g389c0b56f3 (webtiles) character file.

Game seed: 10533446535238845394

15610 avis the Severer (level 12, -3/119 HPs)
             Began as a Hill Orc Monk on Mar 7, 2022.
             Was a Priest of Beogh.
             Slain by a blink frog (12 damage)
             ... on level 4 of the Lair of Beasts on Mar 12, 2022.
             The game lasted 01:35:49 (18283 turns).

avis the Severer (Hill Orc Monk)                   Turns: 18283, Time: 01:35:50

Health: -3/119     AC: 13    Str: 15    XL:     12   Next: 28%
Magic:  9/18       EV: 13    Int: 14    God:    Beogh [***...]
Gold:   692        SH:  0    Dex: 13    Spells: 19/19 levels left

rFire   . . .      SeeInvis .   a - +1 broad axe
rCold   . . .      Faith    +   (no shield)
rNeg    . . .      Spirit   .   I - +0 troll leather armour
rPois   .          Reflect  .   j - +2 hat
rElec   .          Harm     .   f - +0 cloak
rCorr   .          Rampage  .   (no gloves)
Will    .....                   k - +1 pair of boots
Stlth   ++........              s - amulet of faith
HPRegen 1.09/turn               q - +4 ring of slaying
MPRegen 0.16/turn               o - +4 ring of protection

@: no status effects
A: no striking features
a: Renounce Religion, Smiting


You were on level 4 of the Lair of Beasts.
You worshipped Beogh.
Beogh was most pleased with you.
You visited 3 branches of the dungeon, and saw 14 of its levels.
You also visited: Sewer and Ice Cave.

You collected 692 gold pieces.

Inventory:

Hand Weapons
 a - a +1 broad axe (weapon)
 b - a +2 long sword of flaming
Armour
 f - a +0 cloak (worn)
 j - a +2 hat (worn)
 k - a +1 pair of boots (worn)
 I - a +0 troll leather armour (worn)
Jewellery
 c - a ring of see invisible
 o - a +4 ring of protection (right hand)
 q - a +4 ring of slaying (left hand)
 s - an amulet of faith (around neck)
 P - a ring of wizardry
Wands
 D - a wand of flame (33)
 H - a wand of iceblast (9)
Scrolls
 e - 3 scrolls of blinking
 i - 11 scrolls of teleportation
 m - a scroll of identify
 v - a scroll of holy word
 x - a scroll of fear
 L - a scroll of summoning
Potions
 d - 3 potions of haste
 l - 2 potions of berserk rage
 r - a potion of lignification
 t - a potion of invisibility
 w - a potion of ambrosia
 z - 2 potions of heal wounds
 M - 2 potions of magic
 Q - 2 potions of cancellation
 S - a potion of curing
 U - a potion of might
 V - a potion of flight


   Skills:
 - Level 15.0 Fighting
 * Level 16.3 Axes
 - Level 5.0 Dodging
 - Level 1.5 Stealth
 - Level 3.2 Unarmed Combat
 - Level 4.0 Spellcasting
 - Level 5.0 Invocations


You had 19 spell levels left.
You didn't know any spells.
Your spell library contained the following spells:

 Spells                   Type           Power      Damage    Failure   Level
 Apportation              Tloc           4%         N/A       24%         1
 Slow                     Hex            8%         N/A       24%         1
 Confusing Touch          Hex            2%         N/A       56%         3
 Gell's Gravitas          Tloc           2%         N/A       56%         3
 Ignite Poison            Fire/Tmut/Pois 2%         N/A       56%         3
 Lesser Beckoning         Tloc           2%         N/A       56%         3
 Mephitic Cloud           Conj/Pois/Air  2%         N/A       56%         3
 Teleport Other           Tloc           2%         N/A       56%         3
 Vampiric Draining        Necr           2%         2d6       56%         3
 Alistair's Intoxication  Tmut/Pois      1%         N/A       100%        5
 Freezing Cloud           Conj/Ice/Air   1%         6-21      100%        5
 Summon Forest            Summ/Tloc      1%         N/A       100%        5
 Eringya's Noxious Bog    Tmut/Pois      1%         N/A       100%        6
 Summon Hydra             Summ           1%         N/A       100%        7


Dungeon Overview and Level Annotations

Branches:
Dungeon (9/15)             Temple (1/1) D:7            Lair (4/6) D:9
  Swamp (0/4) Lair:2       Spider (0/4) Lair:3        Sewer (visited)
  IceCv (visited)
    Orc: D:9-12

Altars:
Fedhas
Hepliaklqana
Kikubaaqudgha
Makhleb
Okawaru
Qazlal
Ru
Sif Muna
Vehumet
Wu Jian
Xom
Zin

Shops:
D:6 [

Annotations:
D:5 1 runed translucent door, Cecur's ghost, amateur FoFi
D:7 1 runed translucent door, Crazy Yiuf


Message History

Press: ? - help, Dir - move target, f - boulder beetle Smite: a boulder beetle (heavily wounded)
You smite the boulder beetle!
The boulder beetle is severely wounded.
Your orc knight no longer looks unusually strong.
The boulder beetle bites you. The blink frog hits you.
The blink frog blinks!
Aiming: Smiting
Press: ? - help, Dir - move target, f/p - boulder beetle Smite: a boulder beetle (severely wounded)
You smite the boulder beetle!
The boulder beetle is almost dead.
The blink frog hits you!
* * * LOW HITPOINT WARNING * * *
The blink frog closely misses you.
The blink frog blinks!
The boulder beetle leaps!
The blink frog misses you. The blink frog completely misses you.
Aiming: Iceblast
Press: ? - help, Shift-Dir - straight line, p - boulder beetle The mass of ice explodes!
The iceblast engulfs the boulder beetle but does no damage.
The boulder beetle is almost dead.
The blink frog hits you!
* * * LOW HITPOINT WARNING * * *
The blink frog blinks! x3
Aiming: Smiting
Press: ? - help, Dir - move target, f - blink frog Smite: a blink frog You smite the blink frog!!
The blink frog is heavily wounded.
You can no longer recall your orcish followers.
The blink frog blinks!
The boulder beetle leaps!
Your orc knight hits the blink frog with a +0 hand axe.
The blink frog dies!
Beogh accepts your kill.
You slash the blink frog!
The blink frog is heavily wounded.
You slash the blink frog! The blink frog hits you!
* * * LOW HITPOINT WARNING * * *
The blink frog blinks!
The blink frog hits you!
You die...

#...................
##.....†............
##.......†..........
#........o..........
.##P................
....................
.......F............
.......F............
......?@§...........
.)..................
..†.................
.........>..........
....................
............##.....
.........F......P.
...............
.......P.......


You could see 3 blink frogs and a friendly orc knight.

Vanquished Creatures
  A two-headed ogre (D:9)
  4 cane toads
  2 komodo dragons (Lair:3)
  An ice devil (IceCv)
  A polar bear (Lair:3)
  2 blink frogs (Lair:1)
  Sigmund (D:3)
  A dire elephant simulacrum (IceCv)
  A wyvern (Lair:2)
  6 yaks
  2 basilisks
  2 steam dragons (D:6)
  Menkaure (D:7)
  A swamp worm (Lair:1)
  7 water moccasins
  A black bear (D:5)
  2 ice beasts (D:6)
  An ogre (D:7)
  A wolf (Lair:2)
  3 centaurs
  A phantom (D:5)
  6 bullfrogs
  2 kobold brigands
  4 lemures (D:7)
  3 necrophages
  10 scorpions
  3 wights (D:9)
  A vampire bat (Lair:2)
  5 howler monkeys
  3 orc priests
  2 hounds
  Terence (D:3)
  4 iguanas
  8 orc wizards
  A spriggan simulacrum (IceCv)
  4 gnolls
  7 adders
  A naga simulacrum (IceCv)
  3 river rats
  2 white imps
  2 ufetubi
  2 worms
  3 dart slugs
  12 orcs
  13 ball pythons
  9 bats
  8 endoplasms
  2 giant cockroaches (D:3)
  8 goblins
  4 hobgoblins
  8 jackals
  16 kobolds
  6 quokkas
  5 frilled lizards
  4 rats
  3 butterflies (Lair:2)
217 creatures vanquished.

Vanquished Creatures (collateral kills)
  2 hydras
  2 two-headed ogres
  Pikel (D:7)
  A bog body (Lair:2)
  A black mamba (Lair:3)
  A torpor snail (Lair:3)
  A cane toad (Lair:3)
  7 komodo dragons
  Maggie (D:9)
  An ice devil (Lair:1)
  A troll (D:9)
  A polar bear (Lair:2)
  A tyrant leech (Lair:1)
  6 blink frogs
  2 wyverns
  3 yaks
  2 steam dragons (D:8)
  A basilisk (Lair:2)
  A swamp worm (Lair:1)
  An acid dragon (D:9)
  3 water moccasins
  2 orc warriors
  2 wolves (Lair:2)
  3 bullfrogs
  An orc priest (D:7)
  3 gnolls (D:8)
  2 orcs
  A bat (Lair:2)
54 creatures vanquished.

Vanquished Creatures (others)
  An orc knight (Lair:4)
  An orc priest (D:8)
  4 orc wizards
  11 orcs
  A goblin (D:4)
  13 fungi
  39 plants
70 creatures vanquished.

Grand Total: 341 creatures vanquished

Notes
Turn   | Place    | Note
-------+----------+-------------------------------------------
     0 | D:1      | avis the Hill Orc Monk began the quest for the Orb.
     0 | D:1      | Reached XP level 1. HP: 19/19 MP: 1/1
   214 | D:1      | Reached XP level 2. HP: 21/27 MP: 2/2
   651 | D:1      | Found a faded altar of an unknown god.
  1033 | D:1      | Reached XP level 3. HP: 35/35 MP: 3/3
  1187 | D:1      | Reached skill level 5 in Fighting
  2882 | D:3      | Noticed Sigmund
  2973 | D:3      | Reached XP level 4. HP: 39/44 MP: 4/4
  3029 | D:3      | Noticed Terence
  3061 | D:3      | Killed Terence
  3260 | D:3      | Found a glowing drain.
  3267 | Sewer    | Entered a sewer
  3441 | Sewer    | Reached XP level 5. HP: 46/51 MP: 5/5
  3597 | Sewer    | Noticed a kobold brigand
  3621 | Sewer    | Killed a kobold brigand
  3672 | Sewer    | Reached XP level 6. HP: 57/61 MP: 6/6
  3802 | D:3      | Killed Sigmund
  4476 | D:3      | Reached XP level 7. HP: 67/70 MP: 7/7
  4687 | D:4      | Became a worshipper of Beogh the Brigand
  4687 | D:4      | Reached * piety under Beogh
  4687 | D:4      | Reached ** piety under Beogh
  4762 | D:4      | Reached skill level 10 in Fighting
  5426 | D:5      | Entered Level 5 of the Dungeon
  5675 | D:5      | Reached XP level 8. HP: 71/82 MP: 8/8
  5681 | D:5      | Found an ornate altar of the Wu Jian Council.
  6322 | D:5      | Noticed Cecur's ghost (amateur FoFi)
  6330 | D:5      | Found a runed translucent door.
  6713 | D:5      | Reached skill level 1 in Invocations
  7552 | D:6      | Reached XP level 9. HP: 93/93 MP: 9/11
  7645 | D:6      | Found a stormy altar of Qazlal.
  8140 | D:6      | Found Fydwinas's Armour Shoppe.
  8163 | D:6      | Reached *** piety under Beogh
  8471 | D:6      | Found a glowing silver altar of Zin.
  8658 | D:7      | Noticed Menkaure
  8672 | D:7      | Killed Menkaure
  9266 | D:7      | Noticed Pikel
  9272 | D:7      | Reached skill level 15 in Fighting
  9272 | D:7      | Killed Pikel
  9273 | D:7      | Reached skill level 1 in Spellcasting
  9527 | D:7      | Found a runed translucent door.
  9528 | D:7      | Noticed Crazy Yiuf
  9591 | D:7      | Found a staircase to the Ecumenical Temple.
  9601 | Temple   | Entered the Ecumenical Temple
  9884 | D:7      | Upgraded the game from 0.29-a0-266-gf56f883ddd to
                  | 0.29-a0-275-g389c0b56f3
 10353 | D:8      | Reached XP level 10. HP: 38/105 MP: 14/16
 10686 | D:8      | Noticed a two-headed ogre
 10704 | D:8      | Killed a two-headed ogre
 10705 | D:8      | Reached skill level 5 in Invocations
 10928 | D:8      | Found a sacrificial altar of Ru.
 11049 | D:8      | Found an ancient bone altar of Kikubaaqudgha.
 11055 | D:8      | Found a shimmering blue altar of Sif Muna.
 11073 | D:8      | Found a radiant altar of Vehumet.
 11562 | D:9      | Reached skill level 1 in Axes
 11666 | D:9      | Noticed Maggie
 11673 | D:9      | Found a staircase to the Lair.
 11677 | D:9      | Killed Maggie
 11678 | D:9      | Reached skill level 2 in Axes
 11687 | D:9      | Reached skill level 3 in Axes
 11719 | D:9      | Found a blossoming altar of Fedhas.
 12038 | D:9      | Noticed a two-headed ogre
 12051 | D:9      | Killed a two-headed ogre
 12052 | D:9      | Reached skill level 5 in Axes
 12562 | D:9      | Reached skill level 6 in Axes
 12600 | D:9      | Found a burning altar of Makhleb.
 13015 | D:9      | Reached **** piety under Beogh
 13046 | D:9      | Reached skill level 7 in Axes
 13227 | D:9      | Noticed a two-headed ogre
 13234 | D:9      | Killed a two-headed ogre
 13235 | D:9      | Reached skill level 8 in Axes
 13235 | D:9      | Reached skill level 5 in Dodging
 13235 | D:9      | Reached XP level 11. HP: 23/112 MP: 17/17
 13741 | Lair:1   | Entered Level 1 of the Lair of Beasts
 13750 | Lair:1   | Reached skill level 9 in Axes
 13828 | Lair:1   | Found a frozen archway.
 13840 | IceCv    | Entered an ice cave
 13882 | IceCv    | Reached skill level 10 in Axes
 14229 | Lair:1   | Reached skill level 11 in Axes
 14305 | Lair:1   | Gained Borgun as an ally
 14896 | Lair:1   | Reached skill level 12 in Axes
 15699 | Lair:2   | Found a staircase to the Swamp.
 15709 | Lair:2   | Noticed a bog body
 15715 | Lair:2   | Killed a bog body
 15872 | Lair:2   | Reached skill level 13 in Axes
 15953 | Lair:2   | Noticed a four-headed hydra
 15962 | Lair:2   | Killed a four-headed hydra
 16146 | Lair:2   | Reached skill level 14 in Axes
 16921 | Lair:3   | Found a hole to the Spider Nest.
 16990 | Lair:3   | Reached XP level 12. HP: 65/119 MP: 18/18
 17052 | Lair:3   | Gained Beowulf as an ally
 17106 | Lair:3   | Reached skill level 15 in Axes
 18155 | Lair:4   | Noticed a five-headed hydra
 18234 | Lair:4   | Noticed a four-headed hydra
 18241 | Lair:4   | Reached skill level 16 in Axes
 18260 | Lair:4   | Killed a three-headed hydra
 18263 | Lair:4   | Noticed a boulder beetle
 18283 | Lair:4   | Slain by a blink frog

Illustrated notes

Levels and vault maps discovered:
D:1:      mrwooster_arrival_statue_3, layout_loops_ring,
          ebering_ecumenical_altar_webs
D:2:      layout_basic, serial_aquarium, aquarium_bridge_square
          [aquarium_subvault_window, aquarium_subvault_wall,
          aquarium_subvault_bridge, aquarium_subvault_window],
          aquarium_bridge_straight [aquarium_subvault_bridge,
          aquarium_subvault_window, aquarium_subvault_bridge,
          aquarium_subvault_wall], aquarium_window_1, aquarium_window_fake,
          aquarium_view_2c, aquarium_pool_2, chequers_hall_statues_wall_a
D:3:      layout_basic, gup_sewer_entry_bubbles, uniq_sigmund, uniq_terence
D:4:      layout_rooms, nicolae_elevator_lobby_plus
D:5:      layout_basic, mainiacjoe_overflow_brackets,
          hellmonk_ghost_happy_afterlife
D:6:      layout_basic, zin_statuary, nicolae_overflow_crystal_walls,
          serial_shops, shop, hangedman_decor_push
D:7:      layout_basic, temple_doors_ab, uniq_pikel, uniq_menkaure,
          uniq_crazy_yiuf_cottage
D:8:      layout_cave_pools, palyth_temple_overflow_mages, kennysheep_little_box
D:9:      layout_loops_corners, lightli_temple_of_fire, old_standard_altar,
          david_lair_shrubbed, uniq_maggie
Temple:   nicolae_temple_god_jail
Lair:1:   layout_hall_layers, portal_ice_cave_entry_pillars_1, worms_lemuel,
          lemuel_fruit_fields, grunt_megastairs_4
Lair:2:   layout_cave_pods, skrybe_swamp_entry_bodies, roderic_batcave,
          grunt_megastairs_3, lemuel_fruit_fields, lemuel_fruit_fields
Lair:3:   layout_cave_pods, dummy_spider_entry
Lair:4:   layout_hall_layers, nicolae_volcano_entry_two_sided,
          gauntlet_entry_generic

Skill      XL: |  1  2  3  4  5  6  7  8  9 10 11 12 |
---------------+-------------------------------------+-----
Fighting       | 4 5 6 7 9 11 13 15 | 15.0
Invocations    | 3 5 |  5.0
Spellcasting   | 4 |  4.0
Dodging        | 5 |  5.0
Axes           | 8 14 16 | 16.3
Stealth        | |  1.5
Unarmed Combat | |  3.2

Action                   |  1- 3 |  4- 6 |  7- 9 | 10-12 || total
-------------------------+-------+-------+-------+-------++-------
Melee: Unarmed           |    27 |       |       |       ||    27
       Punch             |     5 |     3 |    18 |    14 ||    40
       Dagger            |   102 |   213 |   482 |    30 ||   827
       Broad axe         |       |       |       |   106 ||   106
       Hand axe          |       |       |       |   234 ||   234
Invok: Convert to Beogh  |       |       |     1 |       ||     1
       Smiting           |       |       |       |     8 ||     8
       Recall Orcish Fol |       |       |       |     2 ||     2
Evoke: Wand              |       |       |     2 |     6 ||     8
  Use: Scroll            |     4 |     1 |     4 |    10 ||    19
       Potion            |       |     5 |     2 |       ||     7
 Stab: Sleeping          |     1 |       |       |     2 ||     3
       Distracted        |     1 |       |       |     4 ||     5
Armor: Robe              |     7 |       |       |       ||     7
       Chain mail        |    49 |   241 |   370 |       ||   660
       Leather armour    |     7 |       |       |       ||     7
       Skin              |       |       |     6 |       ||     6
       Troll leather arm |       |       |       |    97 ||    97
       Steam dragon scal |       |       |       |    13 ||    13
       Acid dragon scale |       |       |       |     8 ||     8
Dodge: Dodged            |    49 |   103 |   219 |   210 ||   581

Table legend: (Time is in decaauts)
 A = Elapsed time spent in this place.
 B = Non-inter-level travel time spent in this place.
 C = Inter-level travel time spent in this place.
 D = Time resting spent in this place.
 E = Time spent auto-exploring this place.
 F = Levels seen in this place.
 G = Mean time per level.
                   A        B        C        D        E       F      G
               +--------+--------+--------+--------+--------+-----+--------+
         Total |  18359 |  15923 |   2436 |   4064 |   7419 |  16 | 1147.4 |
       Dungeon |  13451 |  11720 |   1731 |   3547 |   5277 |   9 | 1494.6 |
        Temple |     70 |     68 |      2 |      0 |      0 |   1 |   70.0 |
          Lair |   4030 |   3328 |    702 |    236 |   2133 |   4 | 1007.5 |
         Sewer |    564 |    564 |      0 |    150 |      9 |   1 |  564.0 |
      Ice Cave |    242 |    242 |      0 |    131 |      0 |   1 |  242.0 |
               +--------+--------+--------+--------+--------+-----+--------+

Top non-repeatable levels by time:
     D:9: 2231 daAuts
     D:7: 2056 daAuts
     D:5: 1889 daAuts
  Lair:1: 1554 daAuts
     D:1: 1482 daAuts
     D:2: 1436 daAuts
  Lair:2: 1337 daAuts
     D:3: 1242 daAuts
     D:6: 1137 daAuts
  Lair:3: 1087 daAuts
     D:8: 1025 daAuts
     D:4: 949 daAuts
   Sewer: 564 daAuts
   IceCv: 242 daAuts
  Temple: 70 daAuts
